 Dungeon Crawl Stone Soup version 0.22-b1-26-g9dbaab1112 (webtiles) character file.

1110 Kirk the Fighter (level 8, -10/66 HPs)
             Began as a Gnoll Wanderer on Aug 8, 2018.
             Mangled by an iguana (12 damage)
             ... on level 4 of the Dungeon.
             The game lasted 00:09:14 (4340 turns).

Kirk the Fighter (Gnoll Wanderer)                   Turns: 4340, Time: 00:09:15

Health: -10/66     AC:  6    Str: 17    XL:     8   Next: 33%
Magic:  12/12      EV: 13    Int: 15    God:
Gold:   188        SH:  0    Dex: 14    Spells: 13/13 levels left

rFire    . . .     SeeInvis .   a - +2 hand axe
rCold    . . .     Gourm    +   (no shield)
rNeg     . . .     Faith    .   e - +0 robe
rPois    .         Spirit   .   (no helmet)
rElec    .         Reflect  .   r - +2 cloak {MR+}
rCorr    .         Harm     .   k - +0 pair of gloves
MR       +....     Clarity  +   (no boots)
Stlth    +++.......             l - amulet of the gourmand
HPRegen  0.21/turn              (no ring)
MPRegen  0.13/turn              (no ring)

@: no status effects
A: distributed training, fangs 1, clarity, frail 1, strong nose
a: no special abilities


You were on level 4 of the Dungeon.
You were completely stuffed.

You visited 1 branch of the dungeon, and saw 4 of its levels.

You collected 188 gold pieces.

Inventory:

Hand Weapons
 a - a +2 hand axe (weapon)
 b - a +0 shortbow
 n - a +0 war axe
 o - a +1 short sword of draining
 u - a +0 blowgun
Missiles
 c - 28 arrows
 w - 20 poisoned needles
Armour
 e - a +0 robe (worn)
 k - a +0 pair of gloves (worn)
 r - a +2 cloak of magic resistance (worn)
 t - a +0 ring mail
Jewellery
 l - an amulet of the gourmand (around neck)
Scrolls
 g - a scroll of fear {unknown}
 h - a scroll of enchant weapon {unknown}
 i - 2 scrolls of enchant armour {unknown}
 j - a scroll of fog {unknown}
 m - a scroll of magic mapping {unknown}
 p - a scroll of noise {unknown}
 q - 3 scrolls of remove curse {unknown}
 s - a scroll of random uselessness {unknown}
 v - a scroll of teleportation {unknown}
 x - 2 scrolls of amnesia
 y - 3 scrolls of identify
Comestibles
 d - 4 chunks of flesh
 f - 9 rations


   Skills:
 + Level 10.8 Fighting
 + Level 3.1 Short Blades
 + Level 3.1 Long Blades
 + Level 5.6 Axes
 + Level 3.1 Maces & Flails
 + Level 3.1 Polearms
 + Level 3.1 Staves
 + Level 3.1 Slings
 + Level 3.1 Bows
 + Level 3.1 Crossbows
 + Level 3.1 Throwing
 + Level 3.1 Armour
 + Level 3.1 Dodging
 + Level 4.0 Stealth
 + Level 4.1 Shields
 + Level 3.1 Unarmed Combat
 + Level 3.1 Spellcasting
 + Level 2.5 Conjurations
 + Level 2.5 Hexes
 + Level 2.5 Charms
 + Level 2.5 Summonings
 + Level 2.5 Necromancy
 + Level 2.5 Translocations
 + Level 2.5 Transmutations
 + Level 2.5 Fire Magic
 + Level 2.5 Ice Magic
 + Level 2.5 Air Magic
 + Level 2.5 Earth Magic
 + Level 2.5 Poison Magic
 + Level 3.4 Invocations
 + Level 4.1 Evocations


You had 13 spell levels left.
You didn't know any spells.
Your spell library was empty.

Dungeon Overview and Level Annotations

Branches:
Dungeon (4/15)
 Temple: D:4-7

Altars:
Nemelex Xobeh
The Shining One


Innate Abilities, Weirdness & Mutations

Your experience applies equally to all skills.
You have very sharp teeth.
Your uncanny sense of smell can sniff out nearby items.
You possess an exceptional clarity of mind.
You are frail. (-10% HP)


Message History

The iguana bites you!
* * * LOW HITPOINT WARNING * * *
Unknown command.
You closely miss the iguana.
The iguana is severely wounded.
The iguana bites you!
* * * LOW HITPOINT WARNING * * *
Unknown command.
You aren't carrying any potions.
Okay, then.
You barely miss the iguana.
The iguana is severely wounded.
The iguana barely misses you.
You barely miss the iguana.
The iguana is severely wounded.
The iguana misses you.
You closely miss the iguana. Your bite misses the iguana.
The iguana is severely wounded.
The iguana bites you!
You die...

.............# ............'..
.............# ............#..
.............# ............#..
.............##################..
#####........)............ #..
#..................... #..
#..................... #..
#............).......Z #..
#........[..@)........ #..
#............l........ #..
#####..................... ###
....#####'###############. #
........................# #
........)...............# #
........................# #
........................# #
........................# #


You could see an iguana.

Vanquished Creatures
  Grinder (D:4)
  Eustachio (D:4)
  Purgy (D:3)
  2 ogres (D:4)
  2 orc priests
  A centaur skeleton (D:3)
  A hound (D:4)
  Crazy Yiuf (D:2)
  Jessica (D:2)
  A worker ant (D:4)
  Natasha (thrice) (D:4)
  An iguana (D:4)
  2 orc wizards
  A gnoll (D:1)
  5 adders
  2 oozes
  4 worms
  3 leopard geckos
  16 orcs
  5 giant cockroaches
  4 goblins
  7 hobgoblins
  2 jackals (D:1)
  10 kobolds
  6 quokkas
  2 bats (D:3)
  4 frilled lizards
  2 quokka skeletons (D:4)
  7 rats
98 creatures vanquished.

Notes
Turn   | Place    | Note
-------+----------+-------------------------------------------
     0 | D:1      | Reached skill level 10 in Fighting
     0 | D:1      | Kirk the Gnoll Wanderer began the quest for the Orb.
     0 | D:1      | Kirk set off with: a +2 hand axe, a +0 shortbow, 28 arrows, a wand of random effects (15), a +0 robe, a ration
     0 | D:1      | Reached XP level 1. HP: 28/28 MP: 2/2
   256 | D:1      | Reached XP level 2. HP: 36/36 MP: 3/3
   738 | D:2      | Found a sparkling altar of Nemelex Xobeh.
   760 | D:2      | Found a runed door.
   919 | D:2      | Noticed Jessica
   929 | D:2      | Killed Jessica
   929 | D:2      | Reached skill level 1 in Invocations
   929 | D:2      | Reached XP level 3. HP: 27/42 MP: 4/4
   980 | D:2      | Found a glowing golden altar of the Shining One.
  1096 | D:2      | Reached skill level 1 in Short Blades
  1096 | D:2      | Reached skill level 1 in Long Blades
  1096 | D:2      | Reached skill level 1 in Maces & Flails
  1096 | D:2      | Reached skill level 1 in Polearms
  1096 | D:2      | Reached skill level 1 in Staves
  1096 | D:2      | Reached skill level 1 in Slings
  1096 | D:2      | Reached skill level 1 in Bows
  1096 | D:2      | Reached skill level 1 in Crossbows
  1096 | D:2      | Reached skill level 1 in Throwing
  1096 | D:2      | Reached skill level 1 in Armour
  1096 | D:2      | Reached skill level 1 in Dodging
  1096 | D:2      | Reached skill level 1 in Unarmed Combat
  1096 | D:2      | Reached skill level 1 in Spellcasting
  1112 | D:2      | Reached XP level 4. HP: 44/48 MP: 6/6
  1349 | D:2      | Noticed Crazy Yiuf
  1353 | D:2      | Killed Crazy Yiuf
  1353 | D:2      | Reached skill level 1 in Conjurations
  1353 | D:2      | Reached skill level 1 in Hexes
  1353 | D:2      | Reached skill level 1 in Charms
  1353 | D:2      | Reached skill level 1 in Summonings
  1353 | D:2      | Reached skill level 1 in Necromancy
  1353 | D:2      | Reached skill level 1 in Translocations
  1353 | D:2      | Reached skill level 1 in Transmutations
  1353 | D:2      | Reached skill level 1 in Fire Magic
  1353 | D:2      | Reached skill level 1 in Ice Magic
  1353 | D:2      | Reached skill level 1 in Air Magic
  1353 | D:2      | Reached skill level 1 in Earth Magic
  1353 | D:2      | Reached skill level 1 in Poison Magic
  1567 | D:1      | Reached XP level 5. HP: 52/54 MP: 7/7
  2302 | D:3      | Noticed Purgy
  2306 | D:3      | Gained mutation: You are frail. (-10% HP) [potion of mutation]
  2306 | D:3      | Gained mutation: You possess an exceptional clarity of mind. [potion of mutation]
  2336 | D:3      | Killed Purgy
  2336 | D:3      | Reached XP level 6. HP: 34/54 MP: 8/8
  2481 | D:3      | Reached skill level 5 in Axes
  2494 | D:3      | HP: 2/54 [orc priest/divine providence (10)]
  3272 | D:4      | Noticed Grinder
  3292 | D:4      | Killed Grinder
  3292 | D:4      | Reached XP level 7. HP: 31/60 MP: 10/10
  3451 | D:4      | Noticed Natasha
  3461 | D:4      | Killed Natasha
  3527 | D:4      | Noticed Natasha
  3547 | D:4      | Killed Natasha
  3587 | D:4      | Noticed Natasha
  3603 | D:4      | Killed Natasha
  3881 | D:4      | Noticed Eustachio
  3904 | D:4      | Killed Eustachio
  3904 | D:4      | Reached XP level 8. HP: 15/66 MP: 10/12
  4337 | D:4      | HP: 1/66 [iguana (13)]
  4340 | D:4      | Mangled by an iguana

Skill      XL: |  1  2  3  4  5  6  7  8 |
---------------+-------------------------+-----
Fighting       | | 10.8
Invocations    | 1 2 3 |  3.4
Short Blades   | 1 2 3 |  3.1
Long Blades    | 1 2 3 |  3.1
Maces & Flails | 1 2 3 |  3.1
Polearms       | 1 2 3 |  3.1
Staves         | 1 2 3 |  3.1
Slings         | 1 2 3 |  3.1
Bows           | 1 2 3 |  3.1
Crossbows      | 1 2 3 |  3.1
Throwing       | 1 2 3 |  3.1
Armour         | 1 2 3 |  3.1
Dodging        | 1 2 3 |  3.1
Unarmed Combat | 1 2 3 |  3.1
Spellcasting   | 1 2 3 |  3.1
Conjurations   | 1 2 |  2.5
Hexes          | 1 2 |  2.5
Charms         | 1 2 |  2.5
Summonings     | 1 2 |  2.5
Necromancy     | 1 2 |  2.5
Translocations | 1 2 |  2.5
Transmutations | 1 2 |  2.5
Fire Magic     | 1 2 |  2.5
Ice Magic      | 1 2 |  2.5
Air Magic      | 1 2 |  2.5
Earth Magic    | 1 2 |  2.5
Poison Magic   | 1 2 |  2.5
Shields        | 3 4 |  4.1
Evocations     | 3 4 |  4.1
Stealth        | 3 4 |  4.0
Axes           | 5 |  5.6

Action                   |  1- 3 |  4- 6 |  7- 9 || total
-------------------------+-------+-------+-------++-------
Melee: Hand axe          |    72 |   194 |    98 ||   364
       Bite              |    11 |    16 |    11 ||    38
       Punch             |     1 |     1 |       ||     2
       Short sword       |       |     5 |       ||     5
Evoke: Wand              |       |     4 |    11 ||    15
  Use: Potion            |       |     7 |       ||     7
       Scroll            |       |     3 |     1 ||     4
 Stab: Sleeping          |     2 |     6 |     1 ||     9
       Invisible         |       |     2 |       ||     2
  Eat: Chunk             |     1 |    16 |     3 ||    20
Armor: Robe              |     6 |    55 |    29 ||    90
Dodge: Dodged            |    38 |   133 |    93 ||   264
